 Dungeon Crawl Stone Soup version 0.31-a0-210-gccc998df9b (webtiles) character file.

Game seed: 8761975349564346885

22540 qw the Cleaver (level 13, -11/82 HPs)
             Began as a Gargoyle Fighter on June 29, 2023.
             Was an Elder of Okawaru.
             Mangled by a minotaur
             ... wielding a +0 double sword
              (23 damage)
             ... in a Gauntlet.
             The game lasted 00:08:21 (14215 turns).

qw the Cleaver (Gargoyle Fighter)                  Turns: 14215, Time: 00:08:21

Health: -11/82     AC: 42    Str: 23    XL:     13   Next: 0%
Magic:  19/19      EV: 11    Int: 14    God:    Okawaru [****..]
Gold:   412        SH:  9    Dex:  9    Spells: 12/12 levels left

rFire   . . .        h - +3 war axe
rCold   + + +        e - +3 buckler of Agnosticism {rC+++ Str-5 Int+4}
rNeg    + . .        v - +0 crystal plate armour
rPois   inf          k - +0 helmet
rElec   +            s - +1 cloak
rCorr   .            f - +2 pair of gloves
SInv    .            j - +0 pair of boots
Will    .....        (no amulet) Stlth
                     o - ring "Weumevil" {Drain Fly Str+4}
HPRegen 0.33/turn    i - +5 ring of evasion
MPRegen 0.16/turn

%: no teleportation
@: heroic, flying
A: sickness immunity, AC +9, negative energy resistance 1, electricity
resistance, torment resistance 1, petrification resistance
a: Renounce Religion, Heroism, Finesse


You were in a Gauntlet.
You worshipped Okawaru.
Okawaru was greatly pleased with you.
You visited 3 branches of the dungeon, and saw 16 of its levels.
You also visited: Gauntlet.

You collected 881 gold pieces.
You spent 469 gold pieces at shops.


Innate Abilities, Weirdness & Mutations

You are immune to sickness and miasma.
Your stone body is resilient. (AC +9)
You are immune to poison.
You resist negative energy. (rN+)
You are resistant to electric shocks. (rElec)
You are resistant to unholy torment.
You are immune to petrification.


   Skills:
 - Level 10.0(15.0) Fighting
 - Level 13.0(18.0) Axes
 - Level 4.1(9.1) Throwing
 + Level 10.1(15.1) Armour
 - Level 1.8(6.8) Dodging
 - Level 6.0(11.0) Shields
 + Level 8.8 Invocations


You had 12 spell levels left.
You didn't know any spells.
Your spell library was empty.

Inventory:

Hand Weapons
 h - a +3 war axe (weapon)
 z - a +0 morningstar
Missiles
 a - 3 boomerangs
 n - 2 javelins (quivered)
Armour
 c - a +0 buckler
 e - the +3 buckler of Agnosticism (worn) {rC+++ Str-5 Int+4}
   (You acquired it on level 2 of the Dungeon)

   Str:       It affects your strength (-5).
   Int:       It affects your intelligence (+4).
   rC:        It renders you almost immune to cold.
 f - a +2 pair of gloves (worn)
 j - a +0 pair of boots (worn)
 k - a +0 helmet (worn)
 s - a +1 cloak (worn)
 v - a +0 crystal plate armour (worn)
Jewellery
 i - a +5 ring of evasion (right hand)
 o - the ring "Weumevil" (left hand) {Drain Fly Str+4}
   (You found it in a Gauntlet)

   [ring of flight]

   Str:       It affects your strength (+4).
   Fly:       It grants you flight.
   Drain:     It drains your maximum health when unequipped.
 Y - a ring of protection from fire
Scrolls
 g - a scroll of identify
 t - 4 scrolls of teleportation
Potions
 b - a potion of enlightenment
 d - 3 potions of might
 l - 5 potions of curing
 m - a potion of mutation
 p - a potion of magic
 q - 2 potions of resistance
 r - 2 potions of haste
 u - a potion of lignification
 w - a potion of berserk rage {unknown}

Dungeon Overview and Level Annotations

Branches:
Dungeon (12/15)            Temple (1/1) D:7            Lair (3/5) D:11
  Snake (0/4) Lair:2          Orc (0/2) D:10        Gauntlet (1/1)
  Swamp: Lair:2-3    Shoals: Lair:2-3

Altars:
Ashenzari
Cheibriados
Dithmenos
Elyvilon
Fedhas
Gozag
Hepliaklqana
Kikubaaqudgha
Makhleb
Nemelex Xobeh
Okawaru
Qazlal
Ru
Sif Muna
Trog
Uskayaw
Vehumet
Wu Jian
Xom
Yredelemnul
Zin
The Shining One

Shops:
D:5 *   D:7 [[   D:8 *[*

Portals:
Trove: D:11 (give 8 potions of haste)

Annotations:
D:3 3 runed translucent doors, qw's ghost, amateur DEHu
D:10 2 runed translucent doors Gauntlet 8 transporters, 1 runed translucent door


Message History

The minotaur is lightly wounded.
You slash the minotaur!
The minotaur is moderately wounded.
The minotaur hits you but does no damage.
The minotaur gores you but does no damage.
You hit the minotaur but do no damage.
The minotaur is moderately wounded.
The minotaur hits you with a +0 double sword!
You block the minotaur's attack. The minotaur blocks your attack.
The minotaur is moderately wounded.
The minotaur closely misses you. The minotaur misses you.
You hit the minotaur.
The minotaur is moderately wounded.
You hit the minotaur.
The minotaur is moderately wounded.
You block the minotaur's attack.
The minotaur gores you but does no damage.
The minotaur blocks your attack.
The minotaur is moderately wounded.
The minotaur hits you but does no damage.
The minotaur closely misses you.
You hit the minotaur.
The minotaur is moderately wounded.
The minotaur hits you but does no damage.
The minotaur gores you but does no damage.
You hit the minotaur but do no damage.
The minotaur is moderately wounded.
The minotaur blocks your attack.
The minotaur is moderately wounded.
You block the minotaur's attack.
The minotaur gores you but does no damage.
The minotaur blocks your attack.
The minotaur is moderately wounded.
The minotaur hits you with a +0 double sword!!
The minotaur gores you but does no damage.
The minotaur blocks your attack.
The minotaur is moderately wounded.
The minotaur hits you with a +0 double sword!!
You die...

##~. # # #~~.
#...##~.
##########.7.###.
####........#...##..
#....######.#.7.#..P
#.##.#....#.#...#.7P
# #....# #.#.^.#.P.
#@#### #.#...#...
#H# #.#.^.#...
#...\.# #.....#..\
###}.H# #.#.^.#...
#### #.#...#...
###.^.#.P. #...#.7.
#.7.#... #...##..


You could see a minotaur (reflecting).

Vanquished Creatures
  5 two-headed ogres
  A sixfirhy (Gauntlet)
  An ugly thing (D:12)
  A salamander (Lair:2)
  2 black mambas
  A molten gargoyle (D:11)
  A gargoyle (D:10)
  3 cane toads
  10 komodo dragons
  Psyche (D:11)
  4 rime drakes
  4 trolls
  2 raiju (Gauntlet)
  Sigmund (D:2)
  3 wyverns
  18 yaks
  Eustachio (D:4)
  3 wraiths
  A vampire (D:11)
  2 basilisks (Lair:1)
  2 steam dragons
  3 chaos spawn (Gauntlet)
  A neqoxec (Gauntlet)
  5 water moccasins
  2 orc warriors
  A swamp drake (D:10)
  2 ice beasts
  2 black bears
  2 ogres
  5 wolves (Lair:3)
  14 centaurs
  A phantom (D:5)
  Blork the orc (D:4)
  5 bullfrogs
  A gnoll sergeant (D:10)
  A scorpion (D:5)
  10 wights
  8 killer bees (D:11)
  4 howler monkeys
  4 electric eels
  3 lava snakes (Lair:2)
  10 orc priests
  2 gnoll boudas (D:6)
  3 hounds
  3 jellies
  A sleepcap (D:6)
  4 iguanas
  Natasha (twice) (D:4)
  14 orc wizards
  6 hell rats (Lair:2)
  A lightning spire (Gauntlet)
  17 gnolls
  5 adders
  A river rat (D:4)
  2 white imps (D:7)
  2 ufetubi (Gauntlet)
  12 dart slugs
  51 orcs
  3 bats
  5 endoplasms
  A giant cockroach (D:2)
  10 goblins
  3 hobgoblins (D:4)
  3 jackals (D:2)
  7 quokkas
  6 ball pythons
  A frilled lizard (D:1)
  6 kobolds
  4 rats
327 creatures vanquished.

Vanquished Creatures (others)
  A wight (D:6)
  An orc wizard (D:8)
2 creatures vanquished.

Grand Total: 329 creatures vanquished

Notes
Turn   | Place    | Note
-------+----------+-------------------------------------------
     0 | D:1      | qw the Gargoyle Fighter began the quest for the Orb.
     0 | D:1      | Reached XP level 1. HP: 14/14 MP: 1/1
     0 | D:1      | 0 ||| qw: Version: 0.3-a-24-ga2abf7b
     0 | D:1      | 0 ||| qw: Game counter: 7033
     0 | D:1      | 0 ||| qw: Melee chars always use a shield: true
     0 | D:1      | 0 ||| qw: God list: Okawaru
     0 | D:1      | 0 ||| qw: Allow faded altars: false
     0 | D:1      | 0 ||| qw: Do Orc after clearing Dungeon:15 true
     0 | D:1      | 0 ||| qw: Do second Lair branch before Depths: true
     0 | D:1      | 0 ||| qw: Lair rune preference: random
     0 | D:1      | 0 ||| qw: Goals: Normal, Zot:1-4, Slime:5, God:TSO, Crypt,
                  | Tomb, Abyss, Pan, Hells, Win
     0 | D:1      | 0 ||| PLANNING D:1-11
    27 | D:1      | 27 ||| Stepping ~*~*~tactically~*~*~ (hiding).
    46 | D:1      | Reached skill level 2 in Axes
   102 | D:1      | Reached XP level 2. HP: 17/19 MP: 2/2
   102 | D:1      | 102 ||| FLEEEEING.
   105 | D:1      | 105 ||| FLEEEEING.
   172 | D:1      | 172 ||| Stepping ~*~*~tactically~*~*~ (stealth).
   256 | D:1      | 256 ||| Stepping ~*~*~tactically~*~*~ (hiding).
   273 | D:1      | 273 ||| Stepping ~*~*~tactically~*~*~ (stealth).
   274 | D:1      | 274 ||| Stepping ~*~*~tactically~*~*~ (stealth).
   275 | D:1      | 275 ||| Stepping ~*~*~tactically~*~*~ (stealth).
   280 | D:1      | 280 ||| Stepping ~*~*~tactically~*~*~ (stealth).
   395 | D:1      | Found a faded altar of an unknown god.
   404 | D:1      | Reached skill level 3 in Axes
   415 | D:1      | 415 ||| Stepping ~*~*~tactically~*~*~ (stealth).
   420 | D:1      | Reached XP level 3. HP: 23/23 MP: 3/3
   528 | D:1      | 528 ||| UPGRADING to +0 pair of gloves.
   533 | D:1      | 533 ||| UPGRADING to ring of protection from fire.
   534 | D:1      | 534 ||| READING 2 scrolls labelled WONYNI LYIS.
   537 | D:1      | 537 ||| READING scroll labelled SEITZI TUOQOSE.
   538 | D:1      | 538 ||| READING scroll labelled MAUKUNK GOMN.
   694 | D:2      | 694 ||| Stepping ~*~*~tactically~*~*~ (stealth).
   695 | D:2      | 695 ||| Stepping ~*~*~tactically~*~*~ (stealth).
   733 | D:2      | Noticed Sigmund
   743 | D:2      | Killed Sigmund
   744 | D:2      | Reached skill level 5 in Axes
   744 | D:2      | Reached XP level 4. HP: 24/28 MP: 4/4
   744 | D:2      | Reached XP level 5. HP: 28/32 MP: 5/5
   996 | D:2      | 996 ||| Stepping ~*~*~tactically~*~*~ (hiding).
  1001 | D:2      | 1001 ||| Stepping ~*~*~tactically~*~*~ (hiding).
  1715 | D:2      | 1715 ||| UPGRADING to +5 ring of evasion.
  1716 | D:2      | 1716 ||| READING scroll labelled XOQA ZIDATI.
  1716 | D:2      | Identified a scroll of acquirement
  1716 | D:2      | 1716 ||| ACQUIRING +3 buckler of Agnosticism {rC+++ Str-5
                  | Int+4}
  1716 | D:2      | Acquired the +3 buckler of Agnosticism {rC+++ Str-5 Int+4}
  1718 | D:2      | 1718 ||| UPGRADING to +3 buckler of Agnosticism {rC+++
                  | Str-5 Int+4}.
  1792 | D:3      | Found a runed translucent gate.
  1793 | D:3      | Found a runed translucent gate.
  1795 | D:3      | Found a runed translucent gate.
  1832 | D:3      | Noticed qw's ghost (amateur DEHu)
  1955 | D:3      | 1955 ||| DROPPING +0 whip.
  1969 | D:3      | Reached XP level 6. HP: 37/37 MP: 6/6
  2119 | D:3      | Reached skill level 1 in Throwing
  2337 | D:3      | 2337 ||| UPGRADING to +0 chain mail.
  2347 | D:3      | 2347 ||| DROPPING +0 scale mail.
  2348 | D:3      | 2348 ||| READING scroll labelled EMNYEZX XYESI.
  2349 | D:3      | 2349 ||| READING 3 scrolls labelled XAADERICIC.
  2350 | D:3      | 2350 ||| DROPPING 2 scrolls of fog.
  2364 | D:4      | 2364 ||| PLANNING SEWER
  2408 | D:4      | HP: 7/38 [orc priest/divine providence (13)]
  2409 | D:4      | 2409 ||| READING 3 scrolls of teleportation.
  2414 | D:4      | 2414 ||| READING 2 scrolls of teleportation.
  2537 | D:4      | 2537 ||| FLEEEEING.
  2538 | D:4      | 2538 ||| FLEEEEING.
  2539 | D:4      | 2539 ||| FLEEEEING.
  2540 | D:4      | 2540 ||| FLEEEEING.
  2541 | D:4      | 2541 ||| FLEEEEING.
  2542 | D:4      | 2542 ||| FLEEEEING.
  2544 | D:4      | 2544 ||| FLEEEEING.
  2545 | D:4      | 2545 ||| FLEEEEING.
  2546 | D:4      | 2546 ||| FLEEEEING.
  2547 | D:4      | 2547 ||| FLEEEEING.
  2550 | D:4      | 2550 ||| FLEEEEING.
  2554 | D:4      | 2554 ||| FLEEEEING.
  2555 | D:4      | 2555 ||| FLEEEEING.
  2556 | D:4      | 2556 ||| FLEEEEING.
  2557 | D:4      | 2557 ||| FLEEEEING.
  2559 | D:4      | 2559 ||| FLEEEEING.
  2560 | D:4      | 2560 ||| FLEEEEING.
  2562 | D:4      | 2562 ||| FLEEEEING.
  2563 | D:4      | 2563 ||| STAIRDANCE
  2607 | D:3      | 2607 ||| UPGRADING to +0 helmet.
  2612 | D:3      | 2612 ||| READING scroll labelled NINIM BUHIHE.
  2705 | D:4      | 2705 ||| Stepping ~*~*~tactically~*~*~ (hiding).
  2709 | D:4      | 2709 ||| Stepping ~*~*~tactically~*~*~ (hiding).
  2710 | D:4      | 2710 ||| Stepping ~*~*~tactically~*~*~ (hiding).
  2864 | D:4      | HP: 4/38 [gnoll/+0 flail (8)]
  2865 | D:4      | 2865 ||| READING scroll of teleportation.
  3034 | D:4      | 3034 ||| RIP SEWER
  3068 | D:4      | Noticed Natasha
  3069 | D:4      | 3069 ||| PLANNING D:1-11
  3075 | D:4      | Killed Natasha
  3105 | D:4      | Reached skill level 6 in Axes
  3105 | D:4      | Reached XP level 7. HP: 12/43 MP: 7/7
  3364 | D:4      | Noticed Blork the orc
  3364 | D:4      | Noticed Eustachio
  3377 | D:4      | HP: 9/43 [Blork the orc/+0 flail (3)]
  3378 | D:4      | Killed Blork the orc
  3381 | D:4      | 3381 ||| FLEEEEING.
  3382 | D:4      | 3382 ||| FLEEEEING.
  3383 | D:4      | 3383 ||| FLEEEEING.
  3384 | D:4      | 3384 ||| FLEEEEING.
  3385 | D:4      | 3385 ||| FLEEEEING.
  3386 | D:4      | 3386 ||| FLEEEEING.
  3387 | D:4      | 3387 ||| FLEEEEING.
  3388 | D:4      | 3388 ||| FLEEEEING.
  3389 | D:4      | 3389 ||| FLEEEEING.
  3390 | D:4      | 3390 ||| FLEEEEING.
  3401 | D:4      | 3401 ||| FLEEEEING.
  3402 | D:4      | 3402 ||| STAIRDANCE
  3514 | D:3      | 3514 ||| READING 2 scrolls of identify.
  3514 | D:3      | 3514 ||| IDENTIFYING fuming sapphire potion
  3530 | D:4      | 3530 ||| Stepping ~*~*~tactically~*~*~ (hiding).
  3578 | D:4      | Killed Eustachio
  3692 | D:4      | Noticed Natasha
  3700 | D:4      | Killed Natasha
  3701 | D:4      | Reached skill level 7 in Axes
  3717 | D:4      | 3717 ||| READING scroll labelled XIEMEI EFAU.
  3739 | D:5      | Entered Level 5 of the Dungeon
  3783 | D:5      | Found Fodd's General Store.
  3784 | D:5      | 3784 ||| Stepping ~*~*~tactically~*~*~ (hiding).
  3817 | D:5      | Reached XP level 8. HP: 44/49 MP: 8/8
  3825 | D:5      | 3825 ||| Stepping ~*~*~tactically~*~*~ (stealth).
  3830 | D:5      | 3830 ||| Stepping ~*~*~tactically~*~*~ (stealth).
  3831 | D:5      | 3831 ||| Stepping ~*~*~tactically~*~*~ (stealth).
  3847 | D:5      | 3847 ||| BUYING +1 cloak (161 gold).
  3847 | D:5      | Bought a +1 cloak for 161 gold pieces
  3847 | D:5      | 3847 ||| SHOPLISTING +3 plate armour of positive energy
                  | (588 gold, have 32).
  3847 | D:5      | 3847 ||| SHOPLISTING potion of attraction (42 gold, have
                  | 32).
  3847 | D:5      | 3847 ||| BUYING scroll of identify (28 gold).
  3847 | D:5      | Bought a scroll of identify for 28 gold pieces
  3847 | D:5      | 3847 ||| SHOPLISTING scroll of identify (28 gold, have 4).
  3891 | D:5      | Reached skill level 1 in Dodging
  4238 | D:5      | Found a glowing silver altar of Zin.
  4262 | D:5      | Found a glowing golden altar of the Shining One.
  4288 | D:5      | Found a shadowy altar of Dithmenos.
  4344 | D:5      | 4344 ||| READING scroll of enchant weapon.
  4344 | D:5      | 4344 ||| ENCHANTING +1 war axe.
  4459 | D:5      | Found an ancient bone altar of Kikubaaqudgha.
  4578 | D:5      | 4578 ||| READING scroll of enchant armour.
  4578 | D:5      | 4578 ||| ENCHANTING +0 pair of gloves.
  4624 | D:5      | Reached skill level 8 in Axes
  4639 | D:5      | 4639 ||| UPGRADING to +1 cloak.
  4644 | D:5      | 4644 ||| DROPPING ring of wizardry.
  4645 | D:5      | 4645 ||| READING 5 scrolls of identify.
  4645 | D:5      | 4645 ||| IDENTIFYING lumpy clear potion
  4646 | D:5      | 4646 ||| READING 4 scrolls of identify.
  4646 | D:5      | 4646 ||| IDENTIFYING brown potion
  4647 | D:5      | 4647 ||| READING 3 scrolls of identify.
  4647 | D:5      | 4647 ||| IDENTIFYING grey potion
  4648 | D:5      | 4648 ||| READING 2 scrolls of identify.
  4648 | D:5      | 4648 ||| IDENTIFYING bubbling emerald potion
  4649 | D:5      | 4649 ||| DROPPING potion of invisibility.
  4650 | D:5      | 4650 ||| DROPPING potion of ambrosia.
  4708 | D:6      | 4708 ||| Stepping ~*~*~tactically~*~*~ (hiding).
  4730 | D:6      | 4730 ||| Stepping ~*~*~tactically~*~*~ (stealth).
  4743 | D:6      | Reached skill level 6 in Fighting
  4756 | D:6      | 4756 ||| FLEEEEING.
  4757 | D:6      | 4757 ||| FLEEEEING.
  4758 | D:6      | 4758 ||| STAIRDANCE
  4783 | D:5      | 4783 ||| READING scroll labelled YTSECH IQYACVICW.
  4791 | D:6      | 4791 ||| Stepping ~*~*~tactically~*~*~ (hiding).
  4812 | D:6      | 4812 ||| FLEEEEING.
  4816 | D:6      | 4816 ||| STAIRDANCE
  4855 | D:6      | Reached XP level 9. HP: 55/55 MP: 9/9
  4906 | D:6      | 4906 ||| Stepping ~*~*~tactically~*~*~ (stealth).
  4934 | D:6      | 4934 ||| Stepping ~*~*~tactically~*~*~ (water).
  4940 | D:6      | Reached skill level 9 in Axes
  4948 | D:6      | 4948 ||| FLEEEEING.
  4949 | D:6      | 4949 ||| FLEEEEING.
  4950 | D:6      | 4950 ||| FLEEEEING.
  4951 | D:6      | 4951 ||| FLEEEEING.
  4952 | D:6      | 4952 ||| STAIRDANCE
  4986 | D:6      | 4986 ||| Stepping ~*~*~tactically~*~*~ (hiding).
  4993 | D:6      | 4993 ||| Stepping ~*~*~tactically~*~*~ (hiding).
  4994 | D:6      | 4994 ||| Stepping ~*~*~tactically~*~*~ (hiding).
  4997 | D:6      | 4997 ||| Stepping ~*~*~tactically~*~*~ (stealth).
  5001 | D:6      | 5001 ||| Stepping ~*~*~tactically~*~*~ (stealth).
  5065 | D:6      | 5065 ||| Stepping ~*~*~tactically~*~*~ (stealth).
  5080 | D:6      | 5080 ||| READING scroll of enchant armour.
  5080 | D:6      | 5080 ||| ENCHANTING +1 pair of gloves.
  5206 | D:6      | Reached skill level 3 in Throwing
  5219 | D:6      | 5219 ||| FLEEEEING.
  5220 | D:6      | 5220 ||| FLEEEEING.
  5288 | D:6      | 5288 ||| READING scroll of enchant weapon.
  5288 | D:6      | 5288 ||| ENCHANTING +2 war axe.
  5558 | D:6      | 5558 ||| DROPPING +1 hat.
  5644 | D:7      | Found Tigoreoc's Antique Armour Boutique.
  5657 | D:7      | 5657 ||| SHOPLISTING bloodstained cloak (323 gold, have
                  | 133).
  5657 | D:7      | 5657 ||| SHOPLISTING shiny scale mail (238 gold, have 133).
  5707 | D:7      | 5707 ||| Stepping ~*~*~tactically~*~*~ (stealth).
  5709 | D:7      | 5709 ||| Stepping ~*~*~tactically~*~*~ (hiding).
  5719 | D:7      | 5719 ||| FLEEEEING.
  5723 | D:7      | 5723 ||| FLEEEEING.
  5724 | D:7      | 5724 ||| FLEEEEING.
  5725 | D:7      | 5725 ||| FLEEEEING.
  5726 | D:7      | 5726 ||| FLEEEEING.
  5727 | D:7      | 5727 ||| FLEEEEING.
  5733 | D:7      | 5733 ||| Stepping ~*~*~tactically~*~*~ (hiding).
  5764 | D:7      | 5764 ||| Stepping ~*~*~tactically~*~*~ (stealth).
  5765 | D:7      | 5765 ||| Stepping ~*~*~tactically~*~*~ (stealth).
  5783 | D:7      | 5783 ||| Stepping ~*~*~tactically~*~*~ (stealth).
  5785 | D:7      | 5785 ||| Stepping ~*~*~tactically~*~*~ (hiding).
  5816 | D:7      | Found Vuuthrug's Armour Boutique.
  5824 | D:7      | 5824 ||| SHOPLISTING +3 ring mail of cold resistance (312
                  | gold, have 144).
  5918 | D:7      | 5918 ||| Stepping ~*~*~tactically~*~*~ (hiding).
  5923 | D:7      | 5923 ||| Stepping ~*~*~tactically~*~*~ (hiding).
  6044 | D:7      | 6044 ||| Stepping ~*~*~tactically~*~*~ (stealth).
  6094 | D:7      | Found a broken altar of Ashenzari.
  6220 | D:7      | 6220 ||| Stepping ~*~*~tactically~*~*~ (hiding).
  6221 | D:7      | 6221 ||| Stepping ~*~*~tactically~*~*~ (hiding).
  6251 | D:7      | Found a staircase to the Ecumenical Temple.
  6252 | D:7      | 6252 ||| PLANNING TEMPLE
  6260 | Temple   | Entered the Ecumenical Temple
  6290 | Temple   | 6290 ||| PLANNING OKAWARU WORSHIP
  6324 | Temple   | Became a worshipper of Warmaster Okawaru
  6325 | Temple   | 6325 ||| PLANNING D:1-11
  6497 | D:8      | 6497 ||| Stepping ~*~*~tactically~*~*~ (hiding).
  6681 | D:8      | 6681 ||| Stepping ~*~*~tactically~*~*~ (hiding).
  6682 | D:8      | 6682 ||| Stepping ~*~*~tactically~*~*~ (hiding).
  6947 | D:8      | Reached skill level 10 in Axes
  6947 | D:8      | 6947 ||| Stepping ~*~*~tactically~*~*~ (stealth).
  6952 | D:8      | 6952 ||| DROPPING +0 flail.
  6953 | D:8      | 6953 ||| DROPPING +0 flail of draining.
  6970 | D:8      | 6970 ||| Stepping ~*~*~tactically~*~*~ (hiding).
  6972 | D:8      | 6972 ||| Stepping ~*~*~tactically~*~*~ (hiding).
  6983 | D:8      | Reached skill level 6 in Armour
  7016 | D:8      | 7016 ||| DRINKING 2 potions of curing.
  7016 | D:8      | 7016 ||| (to cure confusion)
  7034 | D:8      | Reached XP level 10. HP: 61/63 MP: 10/10
  7158 | D:8      | Found Ysyn Danyhe's Armour Boutique.
  7158 | D:8      | Found Toigywn's General Store.
  7160 | D:8      | Found Wouq's Assorted Antiques.
  7166 | D:8      | 7166 ||| BUYING +0 pair of boots (58 gold).
  7166 | D:8      | Bought a +0 pair of boots for 58 gold pieces
  7166 | D:8      | 7166 ||| SHOPLISTING +0 plate armour (299 gold, have 202).
  7166 | D:8      | 7166 ||| SHOPLISTING +2 scale mail of fire resistance (273
                  | gold, have 202).
  7262 | D:8      | 7262 ||| UPGRADING to +0 pair of boots.
  7267 | D:8      | 7267 ||| READING 2 scrolls labelled KEIG WOHAOHIENK.
  7268 | D:8      | 7268 ||| READING scroll labelled PUQAST OZXOFE.
  7269 | D:8      | 7269 ||| DROPPING scroll of amnesia.
  7458 | D:8      | 7458 ||| Stepping randomly (stuck).
  7603 | D:8      | 7603 ||| BUYING runed ring mail (196 gold).
  7603 | D:8      | Bought a runed ring mail for 196 gold pieces
  7603 | D:8      | 7603 ||| SHOPLISTING scroll labelled XOLLED USSEEVVEM (28
                  | gold, have 6).
  7603 | D:8      | 7603 ||| SHOPLISTING scroll of teleportation (84 gold, have
                  | 6).
  7603 | D:8      | 7603 ||| SHOPLISTING shiny scale mail (196 gold, have 6).
  7603 | D:8      | 7603 ||| DROPPING +4 ring mail of poison resistance.
  7717 | D:9      | HP: 13/64 [centaur/arrow (8)]
  7718 | D:9      | 7718 ||| READING 3 scrolls of teleportation.
  7719 | D:9      | Reached * piety under Okawaru
  7720 | D:9      | 7720 ||| INVOKING Heroism.
  7937 | D:8      | 7937 ||| Stepping randomly (stuck).
  7967 | D:9      | 7967 ||| Stepping ~*~*~tactically~*~*~ (stealth).
  7991 | D:9      | Reached skill level 1 in Invocations
  8082 | D:9      | 8082 ||| Stepping ~*~*~tactically~*~*~ (hiding).
  8084 | D:9      | 8084 ||| Stepping ~*~*~tactically~*~*~ (hiding).
  8085 | D:9      | 8085 ||| Stepping ~*~*~tactically~*~*~ (hiding).
  8088 | D:9      | Found a flagged portal.
  8090 | D:9      | 8090 ||| Stepping ~*~*~tactically~*~*~ (hiding).
  8094 | D:9      | 8094 ||| Stepping ~*~*~tactically~*~*~ (hiding).
  8095 | D:9      | 8095 ||| Stepping ~*~*~tactically~*~*~ (hiding).
  8108 | D:9      | 8108 ||| Stepping ~*~*~tactically~*~*~ (stealth).
  8110 | D:9      | 8110 ||| Stepping ~*~*~tactically~*~*~ (hiding).
  8132 | D:9      | Noticed a two-headed ogre
  8132 | D:9      | 8132 ||| Stepping ~*~*~tactically~*~*~ (hiding).
  8141 | D:9      | 8141 ||| Stepping ~*~*~tactically~*~*~ (hiding).
  8185 | D:9      | 8185 ||| INVOKING Heroism.
  8195 | D:9      | Killed a two-headed ogre
  8196 | D:9      | Reached skill level 3 in Invocations
  8228 | D:8      | 8228 ||| SHOPLISTING potion of enlightenment (65 gold, have
                  | 31).
  8228 | D:8      | 8228 ||| SHOPLISTING scroll of enchant armour (97 gold,
                  | have 31).
  8228 | D:8      | 8228 ||| BUYING scroll of identify (26 gold).
  8228 | D:8      | Bought a scroll of identify for 26 gold pieces
  8228 | D:8      | 8228 ||| READING 2 scrolls of identify.
  8228 | D:8      | 8228 ||| IDENTIFYING sedimented orange potion
  8260 | D:9      | Noticed a two-headed ogre
  8261 | D:9      | 8261 ||| INVOKING Heroism.
  8266 | D:9      | Killed a two-headed ogre
  8268 | D:9      | 8268 ||| Stepping ~*~*~tactically~*~*~ (stealth).
  8457 | D:9      | 8457 ||| READING scroll labelled COT RASOXKA.
  8471 | D:10     | Entered Level 10 of the Dungeon
  8476 | D:10     | 8476 ||| Stepping ~*~*~tactically~*~*~ (hiding).
  8477 | D:10     | 8477 ||| Stepping ~*~*~tactically~*~*~ (hiding).
  8478 | D:10     | 8478 ||| Stepping ~*~*~tactically~*~*~ (hiding).
  8479 | D:10     | 8479 ||| Stepping ~*~*~tactically~*~*~ (hiding).
  8480 | D:10     | 8480 ||| Stepping ~*~*~tactically~*~*~ (hiding).
  8620 | D:10     | Found a runed translucent door.
  8660 | D:10     | 8660 ||| INVOKING Heroism.
  8769 | D:10     | 8769 ||| INVOKING Heroism.
  8813 | D:10     | Found a runed translucent door.
  8818 | D:10     | Noticed a two-headed ogre
  8819 | D:10     | Found the +6 shillelagh "Devastator" {shatter}
  8820 | D:10     | 8820 ||| INVOKING Heroism.
  8825 | D:10     | Killed a two-headed ogre
  8825 | D:10     | Reached ** piety under Okawaru
  8826 | D:10     | Reached skill level 11 in Axes
  8826 | D:10     | Reached XP level 11. HP: 68/68 MP: 11/14
  8879 | D:10     | 8879 ||| INVOKING Heroism.
  8916 | D:10     | 8916 ||| READING 2 scrolls of identify.
  8916 | D:10     | 8916 ||| IDENTIFYING lumpy grey potion
  8917 | D:10     | 8917 ||| DROPPING potion of brilliance.
  8942 | D:10     | 8942 ||| INVOKING Heroism.
  8981 | D:10     | 8981 ||| Stepping ~*~*~tactically~*~*~ (stealth).
  8999 | D:10     | 8999 ||| Stepping ~*~*~tactically~*~*~ (stealth).
  9015 | D:10     | 9015 ||| Stepping ~*~*~tactically~*~*~ (stealth).
  9016 | D:10     | 9016 ||| Stepping ~*~*~tactically~*~*~ (stealth).
  9333 | D:10     | 9333 ||| INVOKING Heroism.
  9337 | D:10     | 9337 ||| Stepping ~*~*~tactically~*~*~ (hiding).
  9347 | D:10     | Reached skill level 9 in Fighting
  9354 | D:10     | 9354 ||| Stepping ~*~*~tactically~*~*~ (stealth).
  9357 | D:10     | 9357 ||| Stepping ~*~*~tactically~*~*~ (hiding).
  9358 | D:10     | 9358 ||| FLEEEEING.
  9359 | D:10     | 9359 ||| FLEEEEING.
  9360 | D:10     | 9360 ||| FLEEEEING.
  9361 | D:10     | 9361 ||| FLEEEEING.
  9362 | D:10     | 9362 ||| FLEEEEING.
  9369 | D:10     | 9369 ||| FLEEEEING.
  9370 | D:10     | 9370 ||| FLEEEEING.
  9371 | D:10     | 9371 ||| FLEEEEING.
  9372 | D:10     | 9372 ||| FLEEEEING.
  9373 | D:10     | 9373 ||| FLEEEEING.
  9374 | D:10     | 9374 ||| FLEEEEING.
  9375 | D:10     | 9375 ||| FLEEEEING.
  9379 | D:10     | 9379 ||| Stepping ~*~*~tactically~*~*~ (hiding).
  9475 | D:10     | 9475 ||| Stepping ~*~*~tactically~*~*~ (stealth).
  9483 | D:10     | Found a staircase to the Orcish Mines.
  9655 | D:10     | Noticed a two-headed ogre
  9656 | D:10     | 9656 ||| READING scroll labelled JOFONYMERO.
  9657 | D:10     | 9657 ||| DROPPING potion of degeneration.
  9704 | D:11     | 9704 ||| Stepping ~*~*~tactically~*~*~ (stealth).
  9718 | D:11     | Reached *** piety under Okawaru
  9750 | D:10     | Found a shimmering blue altar of Sif Muna.
  9751 | D:10     | 9751 ||| Stepping randomly (stuck).
  9758 | D:11     | Found a portal to a secret trove of treasure.
  9893 | D:11     | 9893 ||| INVOKING Heroism.
 10024 | D:11     | Noticed a two-headed ogre
 10025 | D:11     | 10025 ||| INVOKING Heroism.
 10031 | D:11     | Killed a two-headed ogre
 10064 | D:11     | 10064 ||| INVOKING Heroism.
 10192 | D:11     | Noticed a two-headed ogre
 10194 | D:11     | 10194 ||| INVOKING Heroism.
 10197 | D:11     | Killed a two-headed ogre
 10198 | D:11     | Reached skill level 12 in Axes
 10233 | D:11     | 10233 ||| INVOKING Heroism.
 10459 | D:11     | Found a staircase to the Lair.
 10502 | D:11     | You fall into a shaft and drop 1 floor!
 10557 | D:12     | 10557 ||| UPGRADING to +0 plate armour.
 10567 | D:12     | 10567 ||| DROPPING +0 chain mail.
 10568 | D:12     | 10568 ||| READING scroll labelled ONOKHU GU ALOD.
 10569 | D:12     | 10569 ||| READING 2 scrolls of identify.
 10569 | D:12     | 10569 ||| IDENTIFYING bubbling red potion
 10570 | D:12     | Noticed a brown ugly thing
 10577 | D:12     | Killed a brown ugly thing
 10774 | D:11     | Noticed Psyche
 10775 | D:11     | 10775 ||| INVOKING Heroism.
 10779 | D:11     | 10779 ||| FLEEEEING.
 10780 | D:11     | 10780 ||| FLEEEEING.
 10781 | D:11     | 10781 ||| FLEEEEING.
 10782 | D:11     | 10782 ||| FLEEEEING.
 10783 | D:11     | 10783 ||| FLEEEEING.
 10784 | D:11     | 10784 ||| FLEEEEING.
 10787 | D:11     | 10787 ||| FLEEEEING.
 10792 | D:11     | 10792 ||| FLEEEEING.
 10810 | D:11     | 10810 ||| FLEEEEING.
 10811 | D:11     | 10811 ||| FLEEEEING.
 10812 | D:11     | 10812 ||| FLEEEEING.
 10813 | D:11     | 10813 ||| FLEEEEING.
 10817 | D:11     | 10817 ||| FLEEEEING.
 10822 | D:11     | 10822 ||| INVOKING Heroism.
 10829 | D:11     | Killed Psyche
 10898 | D:11     | 10898 ||| INVOKING Heroism.
 10998 | D:11     | 10998 ||| PLANNING LAIR
 11056 | Lair:1   | Entered Level 1 of the Lair of Beasts
 11061 | Lair:1   | 11061 ||| INVOKING Heroism.
 11070 | Lair:1   | Reached skill level 9 in Armour
 11092 | Lair:1   | Reached skill level 6 in Shields
 11094 | Lair:1   | Reached XP level 12. HP: 51/76 MP: 15/15
 11096 | Lair:1   | Reached **** piety under Okawaru
 11099 | Lair:1   | 11099 ||| INVOKING Heroism.
 11278 | Lair:1   | 11278 ||| Stepping ~*~*~tactically~*~*~ (hiding).
 11314 | Lair:1   | 11314 ||| INVOKING Heroism.
 11455 | Lair:1   | 11455 ||| Stepping ~*~*~tactically~*~*~ (stealth).
 11482 | Lair:1   | 11482 ||| INVOKING Heroism.
 11486 | Lair:1   | Reached skill level 6 in Invocations
 11768 | Lair:1   | 11768 ||| INVOKING Heroism.
 12070 | Lair:2   | 12070 ||| INVOKING Heroism.
 12461 | Lair:2   | 12461 ||| INVOKING Heroism.
 12534 | Lair:2   | 12534 ||| INVOKING Heroism.
 12679 | Lair:2   | Received a gift from Okawaru
 12775 | Lair:2   | 12775 ||| INVOKING Heroism.
 12863 | Lair:2   | Found a staircase to the Snake Pit.
 12872 | Lair:2   | 12872 ||| INVOKING Heroism.
 13425 | Lair:2   | 13425 ||| READING 2 scrolls of identify.
 13425 | Lair:2   | 13425 ||| IDENTIFYING clear potion
 13477 | Lair:3   | 13477 ||| PLANNING GAUNTLET
 13485 | Lair:3   | 13485 ||| Stepping ~*~*~tactically~*~*~ (stealth).
 13488 | Lair:3   | 13488 ||| Stepping ~*~*~tactically~*~*~ (stealth).
 13544 | Lair:3   | 13544 ||| INVOKING Heroism.
 13566 | Lair:3   | 13566 ||| Stepping ~*~*~tactically~*~*~ (stealth).
 13578 | Lair:3   | Received a gift from Okawaru
 13620 | Lair:3   | Found a gate leading to a gauntlet.
 13629 | Gauntlet | Entered a Gauntlet
 13629 | Gauntlet | Found a transporter.
 13636 | Gauntlet | Found a transporter.
 13638 | Gauntlet | Found a transporter.
 13651 | Gauntlet | Found a transporter.
 13652 | Gauntlet | Found a transporter.
 13671 | Gauntlet | Found a transporter.
 13674 | Gauntlet | Noticed an entropy weaver
 13680 | Gauntlet | Noticed a thrashing horror
 13681 | Gauntlet | Found a transporter.
 13681 | Gauntlet | Noticed a thrashing horror
 13692 | Gauntlet | Found a transporter.
 13695 | Gauntlet | Noticed a balrug
 13702 | Gauntlet | Found a transporter.
 13703 | Gauntlet | Found a runed translucent door.
 13706 | Gauntlet | Found a runed translucent door.
 13710 | Gauntlet | Found a transporter.
 13711 | Gauntlet | Found a transporter.
 13712 | Gauntlet | Found a transporter.
 13741 | Gauntlet | Found a runed translucent gate.
 13742 | Gauntlet | Found a transporter.
 13742 | Gauntlet | Found a runed translucent gate.
 13796 | Gauntlet | Found a transporter.
 13799 | Gauntlet | Found a runed translucent door.
 13861 | Gauntlet | Found a runed translucent gate.
 13907 | Gauntlet | 13907 ||| INVOKING Heroism.
 14038 | Gauntlet | Reached skill level 13 in Axes
 14095 | Gauntlet | 14095 ||| UPGRADING to +0 crystal plate armour.
 14105 | Gauntlet | 14105 ||| DROPPING +0 plate armour.
 14133 | Gauntlet | Reached XP level 13. HP: 74/82 MP: 19/19
 14161 | Gauntlet | Identified the ring "Weumevil" {Drain Fly Str+4}
 14163 | Gauntlet | 14163 ||| UPGRADING to ring "Weumevil" {Drain Fly Str+4}.
 14188 | Gauntlet | Noticed a minotaur
 14189 | Gauntlet | 14189 ||| Stepping ~*~*~tactically~*~*~ (hiding).
 14192 | Gauntlet | 14192 ||| INVOKING Heroism.
 14214 | Gauntlet | HP: 12/82 [minotaur/+0 double sword (21)]
 14215 | Gauntlet | Mangled by a minotaur

Levels and vault maps discovered:
D:1:      lightli_arrival_noodles, layout_rooms,
          ebering_ecumenical_altar_abandoned, st_stairs_11
D:2:      layout_loops_corners, serial_forest, infiniplex_forest_clump_medium,
          infiniplex_forest_zigzag_1, infiniplex_forest_end_double,
          infiniplex_forest_clump_large, infiniplex_forest_straight_2,
          infiniplex_forest_straight_5, infiniplex_forest_fountain,
          infiniplex_forest_clump_tiny, chequers_serial_rivers_small_3,
          uniq_sigmund
D:3:      layout_basic, gammafunk_ghost_necromancy, nicolae_figureground_pulse
D:4:      layout_rooms, portal_sewer_entry_b, grunt_ministairs_10,
          uniq_blork_the_orc, uniq_eustachio, uniq_natasha
D:5:      layout_loops_ring, nicolae_overflow_quartered_altars, serial_shops,
          nicolae_shop_tiny_glass, eino_tiny_chamber, kennysheep_potato
D:6:      kennysheep_slugbush, layout_loops_cross, chequers_serial_rivers_room_b
D:7:      layout_basic, evilmike_ruin_ashenzari, minmay_temple_entry_glass,
          serial_shops, nicolae_shop_hallway_plus, shop_statue
D:8:      layout_loops_ring, nicolae_shop_distant_corner_stores
D:9:      layout_rooms, enter_bailey_5
D:10:     cheibrodos_histonic, layout_irregular_city,
          nicolae_overflow_hidden_temple, erik_orc_1, serial_glass,
          glass_columns_b, glass_columns_b, serial_park_tiny_1, abandoned_shop
D:11:     layout_loops_cross, david_lair_shrubbed, enter_trove_2,
          kennysheep_minor_cross, uniq_psyche
D:12:     layout_irregular_city
Temple:   nicolae_temple_x_marks_the_god
Lair:1:   layout_big_grid, grunt_megastairs_2, infiniplex_staircase_pool_2,
          serial_bayou_shore_a
Lair:2:   layout_cave_pods, nicolae_snake_entry_warm_welcome, serial_bayou,
          serial_bayou_pond_e, serial_bayou_pond_d, serial_bayou_pond_c,
          serial_bayou_pond_d, grunt_forest_small_clearings
Lair:3:   layout_roguey, skrybe_swamp_entry_bodies, gauntlet_entry_generic,
          serial_bayou_shore_b, grunt_megastairs_5, lemuel_fruit_fields
Gauntlet: minmay_gauntlet_77_tree [minmay_gauntlet_arena_77_double_cross,
          minmay_gauntlet_arena_77_run_for_it, minmay_gauntlet_arena_77_path,
          minmay_gauntlet_arena_77_cramped, minmay_gauntlet_arena_77_checkered,
          minmay_gauntlet_arena_77_chump_sandwich,
          minmay_gauntlet_arena_77_two_lines, dreamdust_gauntlet_exit_labyrinth]

Skill      XL: |  1  2  3  4  5  6  7  8  9 10 11 12 |
---------------+-------------------------------------+-----
Axes           | 2 3 5 6 7 8 10 11 12 13 | 13.0
Throwing       | 1 2 3 4 |  4.1
Fighting       | 4 5 6 7 8 9 10 | 10.0
Dodging        | 1 |  1.8
Armour         | 4 6 7 9 10 | 10.1
Shields        | 4 5 6 |  6.0
Invocations    | 4 8 |  8.8

Action                     |  1- 3 |  4- 6 |  7- 9 | 10-12 | 13-15 || total
---------------------------+-------+-------+-------+-------+-------++-------
  Melee: War axe           |    99 |   106 |   355 |   628 |    24 ||  1212
  Throw: Javelin           |       |    27 |    67 |    41 |       ||   135
         Boomerang         |       |     4 |    33 |    74 |       ||   111
 Invoke: Heroism           |       |       |       |    29 |     1 ||    30
    Use: Scroll            |     3 |     7 |    11 |    10 |       ||    31
         Potion            |       |       |     1 |       |       ||     1
 Armour: Scale mail        |    59 |    20 |       |       |       ||    79
         Chain mail        |       |    35 |   185 |   197 |       ||   417
         Plate armour      |       |       |       |   106 |       ||   106
         Skin              |       |       |       |     1 |       ||     1
         Crystal plate arm |       |       |       |     4 |    13 ||    17
  Dodge: Dodged            |    49 |    67 |   215 |   329 |     7 ||   667
  Block: Buckler           |    14 |    36 |   137 |   228 |     7 ||   422

Table legend:
 A = Non-vault XP
 B = Vault XP
 C = Vault XP percentage of total XP
 D = Non-vault monster count
 E = Vault monster count
 F = Vault count percentage of total count
                 A         B        C        D         E       F
            +---------+---------+-------+---------+---------+-------
      Total |   26594 |    5607 |  17.4 |     269 |      59 |  18.0
            +---------+---------+-------+---------+---------+-------
        D:1 |      31 |       7 |  18.4 |      15 |       3 |  16.7
        D:2 |      32 |     226 |  87.6 |      10 |       1 |   9.1
        D:3 |      39 |       0 |   0.0 |      15 |       0 |   0.0
        D:4 |     369 |     356 |  49.1 |      23 |       7 |  23.3
        D:5 |     826 |       0 |   0.0 |      18 |       0 |   0.0
        D:6 |    1364 |      32 |   2.3 |      33 |       8 |  19.5
        D:7 |     633 |       0 |   0.0 |      20 |       0 |   0.0
        D:8 |     811 |       0 |   0.0 |      19 |       0 |   0.0
        D:9 |    3240 |       8 |   0.2 |      21 |       4 |  16.0
       D:10 |    3176 |     558 |  14.9 |      20 |      16 |  44.4
       D:11 |    4225 |     730 |  14.7 |      24 |       2 |   7.7
       D:12 |     568 |       0 |   0.0 |       1 |       0 |   0.0
     Lair:1 |    5694 |     960 |  14.4 |      24 |       4 |  14.3
     Lair:2 |    3466 |     698 |  16.8 |      15 |       4 |  21.1
     Lair:3 |    2120 |       0 |   0.0 |      11 |       0 |   0.0
   Gauntlet |       0 |    2032 | 100.0 |       0 |      10 | 100.0
            +---------+---------+-------+---------+---------+-------
